PCL
SAN JOSE MISSIONS @ MILE HIGH BRONCOS
07/14/2027
 
TOP OF THE 1ST
San Jose Missions batting - Pitching for Mile High Broncos : LHP Jerry Martin
Pitching: LHP Jerry Martin
Batting: RHB Bobby Brewster 0-0: Ball
1-0: Foul Ball, location: 2F
1-1: Ball
2-1: Ball
3-1: SINGLE (Line Drive, 8RM)
Batting: RHB Ed Starr 0-0: Ball
1-0: Ball
2-0: Ball
3-0: Called Strike
3-1: Called Strike
3-2: Base on Balls
Bobby Brewster to second
Batting: RHB Dale Taylor 0-0: Foul Ball, location: 2F
0-1: Ball
1-1: Ball
2-1: Fly out, F6 (Line Drive, 6)
Batting: RHB Bob Orr 0-0: Called Strike
0-1: Ball
1-1: Fly out, F9 (Line Drive, 9D)
Runner from 2nd tags up, SAFE at 3rd, no throw
Batting: RHB Chang-geun Kim 0-0: Swinging Strike
0-1: Swinging Strike
0-2: Strikes out swinging
Top of the 1st over - 0 run(s), 1 hit(s), 0 error(s), 2 left on base; San Jose 0 - Mile High 0
BOTTOM OF THE 1ST
Mile High Broncos batting - Pitching for San Jose Missions : LHP Octávio Pérez
Pitching: LHP Octávio Pérez
Batting: LHB Jesús González 0-0: Ball
1-0: Called Strike
1-1: Ball
2-1: Ball
3-1: Base on Balls
Batting: SHB Tom Stevens 0-0: Called Strike
0-1: Called Strike
0-2: Ball
1-2: Foul Ball, location: 2F
1-2: Foul Ball, location: 2F
1-2: Ball
2-2: SINGLE (Flyball, 9LS)
Jesús González to second
Runner from 2nd tries for 3rd, SAFE, no throw
Batting: LHB Mark Everett 0-0: Called Strike
0-1: Fly out, F9 (Flyball, 89S)
Batting: RHB Jeff Packard 0-0: Ball
1-0: Ball
2-0: Called Strike
2-1: Swinging Strike
2-2: Ball
3-2: Base on Balls
Tom Stevens to second
Batting: RHB David Moran 0-0: Ball
1-0: Ball
2-0: Ball
3-0: Called Strike
3-1: Fly out, F8 (Flyball, 8LD)
Runner from 3rd tags up, SCORES, no throw
Tom Stevens to third
Batting: LHB Milton Watson 0-0: Called Strike
0-1: Ball
1-1: Ball
2-1: Called Strike
2-2: Strikes out swinging
Bottom of the 1st over - 1 run(s), 1 hit(s), 0 error(s), 2 left on base; San Jose 0 - Mile High 1
TOP OF THE 2ND
San Jose Missions batting - Pitching for Mile High Broncos : LHP Jerry Martin
Batting: LHB Arturo Rivera 0-0: Called Strike
0-1: Ball
1-1: Swinging Strike
1-2: SOLO HOME RUN (Flyball, 89XD), Distance : 414 ft
Batting: RHB Andrew Benson 0-0: Ball
1-0: Ball
2-0: Ball
3-0: Called Strike
3-1: Called Strike
3-2: Foul Ball, location: 2F
3-2: Base on Balls
Batting: RHB José Martínez 0-0: Called Strike
0-1: Called Strike
0-2: Foul Ball, location: 2F
0-2: Strikes out swinging
Batting: RHB Sadao Kato 0-0: Ball
1-0: Ball
2-0: Ball
3-0: Base on Balls
Andrew Benson to second
Batting: RHB Bobby Brewster 0-0: Swinging Strike
0-1: Ball
1-1: Swinging Strike
1-2: Strikes out swinging
Batting: RHB Ed Starr 0-0: Called Strike
0-1: Swinging Strike
0-2: Ball
1-2: Foul Ball, location: 2F
1-2: Ball
2-2: Foul Ball, location: 2F
2-2: Ball
3-2: Strikes out swinging
Top of the 2nd over - 1 run(s), 1 hit(s), 0 error(s), 2 left on base; San Jose 1 - Mile High 1
BOTTOM OF THE 2ND
Mile High Broncos batting - Pitching for San Jose Missions : LHP Octávio Pérez
Batting: SHB Paco Martínez 0-0: Called Strike
0-1: Called Strike
0-2: Ball
1-2: Foul Ball, location: 2F
1-2: Foul Ball, location: 2F
1-2: Ball
2-2: Ball
3-2: Foul Ball, location: 2F
3-2: Foul Ball, location: 2F
3-2: Foul Ball, location: 2F
3-2: Foul Ball, location: 2F
3-2: Base on Balls
Batting: RHB Richard Bankhead 0-0: Ball
1-0: Called Strike
1-1: Ball
2-1: Foul Ball, location: 2F
2-2: Ball
3-2: Strikes out swinging
Batting: RHB Evan Robinson 0-0: Called Strike
0-1: Ball
1-1: Ball
2-1: Called Strike
2-2: Strikes out swinging
Batting: LHB Jesús González 0-0: Called Strike
0-1: Swinging Strike
0-2: Ball
1-2: Ball
2-2: Strikes out looking
Bottom of the 2nd over - 0 run(s), 0 hit(s), 0 error(s), 1 left on base; San Jose 1 - Mile High 1
TOP OF THE 3RD
San Jose Missions batting - Pitching for Mile High Broncos : LHP Jerry Martin
Batting: RHB Dale Taylor 0-0: Ball
1-0: Swinging Strike
1-1: Ball
2-1: Swinging Strike
2-2: Foul Ball, location: 2F
2-2: Strikes out swinging
Batting: RHB Bob Orr 0-0: Fly out, F9 (Flyball, 9)
Batting: RHB Chang-geun Kim 0-0: Ball
1-0: Ball
2-0: Ball
3-0: Base on Balls
Batting: LHB Arturo Rivera 0-0: Called Strike
0-1: Swinging Strike
0-2: Ball
1-2: Ball
2-2: Ball
Chang-geun Kim steals 2nd base
3-2: Base on Balls
Batting: RHB Andrew Benson 0-0: Ball
1-0: Fly out, F9 (Flyball, 9S)
Top of the 3rd over - 0 run(s), 0 hit(s), 0 error(s), 2 left on base; San Jose 1 - Mile High 1
BOTTOM OF THE 3RD
Mile High Broncos batting - Pitching for San Jose Missions : LHP Octávio Pérez
Batting: SHB Tom Stevens 0-0: Ball
1-0: Ball
2-0: Ball
3-0: Base on Balls
Batting: LHB Mark Everett 0-0: Ball
1-0: Ball
2-0: Ball
3-0: Called Strike
3-1: Fly out, F7 (Flyball, 7S)
Batting: RHB Jeff Packard 0-0: Ball
1-0: 2-RUN HOME RUN (Line Drive, 78XD), Distance : 418 ft
Batting: RHB David Moran 0-0: Ground out 4-3 (Groundball, 4)
Batting: LHB Milton Watson 0-0: Ball
1-0: Ball
2-0: Swinging Strike
2-1: Ball
3-1: Base on Balls
Batting: SHB Paco Martínez 0-0: Ball
1-0: Fielders Choice at 2nd, 5-4 (Groundball, 56)
Bottom of the 3rd over - 2 run(s), 1 hit(s), 0 error(s), 0 left on base; San Jose 1 - Mile High 3
TOP OF THE 4TH
San Jose Missions batting - Pitching for Mile High Broncos : LHP Jerry Martin
Batting: RHB José Martínez 0-0: Ball
1-0: Called Strike
1-1: Ball
2-1: Fly out, F2 (Popup, 3S)
Batting: RHB Sadao Kato 0-0: TRIPLE (Flyball, 8LXD)
Batting: RHB Bobby Brewster 0-0: Ball
1-0: Called Strike
1-1: Foul Ball, location: 2F
1-2: Strikes out swinging
Batting: RHB Ed Starr 0-0: Ball
1-0: Called Strike
1-1: Foul Ball, location: 2F
1-2: Strikes out looking
Top of the 4th over - 0 run(s), 1 hit(s), 0 error(s), 1 left on base; San Jose 1 - Mile High 3
BOTTOM OF THE 4TH
Mile High Broncos batting - Pitching for San Jose Missions : LHP Octávio Pérez
Batting: RHB Richard Bankhead 0-0: Called Strike
0-1: Ball
1-1: Foul Ball, location: 2F
1-2: DOUBLE (Flyball, 78XD)
Batting: RHB Evan Robinson 0-0: Swinging Strike
0-1: Ball
1-1: Swinging Strike
1-2: Strikes out looking
Batting: LHB Jesús González 0-0: Swinging Strike
0-1: Ball
Passed Ball!
Richard Bankhead to third
1-1: Foul Ball, location: 2F
1-2: Foul Ball, location: 2F
1-2: Ball
2-2: Ball
3-2: Base on Balls
Batting: SHB Tom Stevens 0-0: Ball
1-0: Ball
2-0: Called Strike
2-1: SINGLE (Line Drive, 4D)
Richard Bankhead scores
Jesús González to second
Runner from 2nd tries for 3rd, SAFE, no throw
Batting: LHB Mark Everett 0-0: Ball
1-0: Called Strike
1-1: Ball
2-1: Grounds into double play, 6-4-3 (Groundball, 6)
Bottom of the 4th over - 1 run(s), 2 hit(s), 0 error(s), 1 left on base; San Jose 1 - Mile High 4
TOP OF THE 5TH
San Jose Missions batting - Pitching for Mile High Broncos : LHP Jerry Martin
Batting: RHB Dale Taylor 0-0: Ball
1-0: Foul Ball, location: 2F
1-1: Foul Ball, location: 2F
1-2: Ground out 1-3 (Groundball, 15S)
Batting: RHB Bob Orr 0-0: Called Strike
0-1: Called Strike
0-2: Ball
1-2: Ball
2-2: Ball
3-2: Foul Ball, location: 2F
3-2: Base on Balls
Batting: RHB Chang-geun Kim 0-0: Ball
1-0: Called Strike
1-1: Ball
Pickoff Throw to First - Out!
2-1: Fly out, F4 (Line Drive, 4)
Top of the 5th over - 0 run(s), 0 hit(s), 0 error(s), 0 left on base; San Jose 1 - Mile High 4
BOTTOM OF THE 5TH
Mile High Broncos batting - Pitching for San Jose Missions : LHP Octávio Pérez
Batting: RHB Jeff Packard 0-0: Ball
1-0: Ball
2-0: Called Strike
2-1: Ball
3-1: Base on Balls
Batting: RHB David Moran 0-0: Called Strike
0-1: Ball
1-1: Called Strike
1-2: Foul Ball, location: 2F
1-2: Ball
2-2: Fly out, F5 (Line Drive, 5)
Batting: LHB Milton Watson 0-0: Ball
1-0: Foul Ball, location: 2F
1-1: Fly out, F7 (Flyball, 7S)
Batting: SHB Paco Martínez 0-0: Ball
Jeff Packard steals 2nd base
1-0: Ball
2-0: Called Strike
2-1: Ball
3-1: Foul Ball, location: 2F
3-2: Base on Balls
Batting: RHB Richard Bankhead 0-0: Called Strike
0-1: Ball
1-1: Ball
2-1: Ball
3-1: Base on Balls
Jeff Packard to third
Paco Martínez to second
Pitching: RHP Mark Bidwell
Batting: RHB Evan Robinson 0-0: Fielders Choice at 2nd, 6-4 (Groundball, 6)
Bottom of the 5th over - 0 run(s), 0 hit(s), 0 error(s), 2 left on base; San Jose 1 - Mile High 4
TOP OF THE 6TH
San Jose Missions batting - Pitching for Mile High Broncos : LHP Jerry Martin
Pitching: LHP Jorge García
Batting: LHB Arturo Rivera 0-0: Called Strike
0-1: Ball
1-1: SINGLE (Line Drive, 9S)
Batting: RHB Andrew Benson 0-0: Ball
1-0: Foul Ball, location: 2F
1-1: Fly out, F8 (Flyball, 8LM)
Batting: RHB José Martínez 0-0: Called Strike
0-1: Fly out, F7 (Flyball, 7D)
Batting: RHB Sadao Kato 0-0: Ball
Arturo Rivera steals 2nd base
1-0: Called Strike
1-1: Ball
2-1: Foul Ball, location: 2F
2-2: Ball
3-2: Fly out, F8 (Flyball, 8LM)
Top of the 6th over - 0 run(s), 1 hit(s), 0 error(s), 1 left on base; San Jose 1 - Mile High 4
BOTTOM OF THE 6TH
Mile High Broncos batting - Pitching for San Jose Missions : RHP Mark Bidwell
Batting: LHB Jesús González 0-0: Ball
1-0: Foul Ball, location: 2F
1-1: DOUBLE (Flyball, 9LD)
Batting: SHB Tom Stevens 0-0: Called Strike
0-1: Foul Ball, location: 2F
0-2: Ball
1-2: Foul Ball, location: 2F
1-2: Strikes out looking
Pitching: RHP Micheal Wood
Batting: LHB Mark Everett 0-0: Hit by Pitch
Batting: RHB Jeff Packard 0-0: Ball
1-0: Called Strike
1-1: SINGLE (Groundball, 4MD)
Jesús González to third
Mark Everett to second
Batting: RHB David Moran 0-0: Ball
1-0: SINGLE (Line Drive, 4M)
Jesús González scores
Mark Everett to third
Jeff Packard to second
Runner from 3rd tries for Home, SAFE, throw made at trailing runner, SAFE at third!
Pitching: RHP Paul Lewis
Batting: LHB Milton Watson 0-0: Ball
1-0: Swinging Strike
1-1: Ball
2-1: Ball
3-1: Base on Balls
David Moran to second
Batting: SHB Paco Martínez 0-0: SINGLE (Groundball, 34D)
Jeff Packard scores
David Moran to third
Milton Watson to second
Runner from 3rd tries for Home, SAFE, no throw
Batting: RHB Richard Bankhead 0-0: Foul Ball, location: 2F
0-1: Swinging Strike
0-2: Ball
1-2: Ball
2-2: Strikes out swinging
Batting: RHB Evan Robinson 0-0: Called Strike
0-1: Ball
1-1: Fly out, F7 (Flyball, 7D)
Bottom of the 6th over - 4 run(s), 4 hit(s), 0 error(s), 2 left on base; San Jose 1 - Mile High 8
TOP OF THE 7TH
San Jose Missions batting - Pitching for Mile High Broncos : LHP Jorge García
Batting: RHB Bobby Brewster 0-0: Ball
1-0: Ball
2-0: Ball
3-0: Base on Balls
Batting: RHB Ed Starr 0-0: Foul Ball, location: 2F
0-1: Ball
Pickoff Throw to First - Out!
1-1: SINGLE (Groundball, 6MD)
Batting: RHB Dale Taylor 0-0: Called Strike
0-1: DOUBLE (Line Drive, 8LXD)
Ed Starr to third
Batting: RHB Bob Orr 0-0: Ball
1-0: Foul Ball, location: 2F
1-1: Called Strike
1-2: Ground out 4-3 (Groundball, 4)
Ed Starr scores
Dale Taylor to third
Batting: RHB Chang-geun Kim 0-0: Called Strike
0-1: Ball
1-1: Ball
2-1: Foul Ball, location: 2F
2-2: Strikes out swinging
Top of the 7th over - 1 run(s), 2 hit(s), 0 error(s), 1 left on base; San Jose 2 - Mile High 8
BOTTOM OF THE 7TH
Mile High Broncos batting - Pitching for San Jose Missions : RHP Paul Lewis
Batting: LHB Jesús González 0-0: Called Strike
0-1: Foul Ball, location: 2F
0-2: Strikes out swinging
Batting: SHB Tom Stevens 0-0: Swinging Strike
0-1: Foul Ball, location: 2F
0-2: Foul Ball, location: 2F
0-2: Ball
1-2: Foul Ball, location: 2F
1-2: Foul Ball, location: 2F
1-2: Strikes out swinging
Batting: LHB Mark Everett 0-0: Foul Ball, location: 2F
0-1: Called Strike
0-2: SINGLE (Line Drive, 6M)
Batting: RHB Jeff Packard 0-0: Ball
1-0: SINGLE (Groundball, 56D)
Mark Everett to second
Batting: RHB David Moran 0-0: Ball
1-0: Fly out, F9 (Flyball, 9S)
Bottom of the 7th over - 0 run(s), 2 hit(s), 0 error(s), 2 left on base; San Jose 2 - Mile High 8
TOP OF THE 8TH
San Jose Missions batting - Pitching for Mile High Broncos : LHP Jorge García
Now at 3B: Enrique Bermúdez
Batting: LHB Arturo Rivera 0-0: Ball
1-0: Ground out 4-3 (Groundball, 4)
Batting: RHB Andrew Benson 0-0: Foul Ball, location: 2F
0-1: Ball
1-1: Ball
2-1: Swinging Strike
2-2: Ball
3-2: Base on Balls
Pitching: RHP David Bailey
Batting: RHB José Martínez 0-0: Swinging Strike
0-1: Ball
1-1: Ball
2-1: Ground out 4-3 (Groundball, 4MS)
Andrew Benson to second
Batting: RHB Sadao Kato 0-0: Foul Ball, location: 2F
0-1: Called Strike
0-2: Foul Ball, location: 2F
0-2: Foul Ball, location: 2F
0-2: Ground out 6-3 (Groundball, 6)
Top of the 8th over - 0 run(s), 0 hit(s), 0 error(s), 1 left on base; San Jose 2 - Mile High 8
BOTTOM OF THE 8TH
Mile High Broncos batting - Pitching for San Jose Missions : RHP Paul Lewis
Batting: LHB Milton Watson 0-0: Called Strike
0-1: Ball
1-1: Ball
2-1: Ball
3-1: Base on Balls
Batting: SHB Paco Martínez 0-0: Ball
1-0: Ball
2-0: Ball
3-0: Base on Balls
Milton Watson to second
Batting: RHB Richard Bankhead 0-0: Called Strike
0-1: Ball
1-1: Ball
2-1: Ball
3-1: Base on Balls
Milton Watson to third
Paco Martínez to second
Batting: RHB Evan Robinson 0-0: Ball
1-0: Ball
2-0: Ball
3-0: Called Strike
3-1: Base on Balls
Milton Watson scores
Paco Martínez to third
Richard Bankhead to second
Batting: LHB Jesús González 0-0: Ball
1-0: Swinging Strike
1-1: Ball
2-1: Foul Ball, location: 2F
2-2: Ball
3-2: Base on Balls
Paco Martínez scores
Richard Bankhead to third
Evan Robinson to second
Batting: SHB Tom Stevens 0-0: Ball
1-0: Ball
2-0: Ball
3-0: Base on Balls
Richard Bankhead scores
Evan Robinson to third
Jesús González to second
Batting: LHB Mark Everett 0-0: Ball
1-0: Called Strike
1-1: Ball
2-1: Ball
3-1: Base on Balls
Evan Robinson scores
Jesús González to third
Tom Stevens to second
Pitching: RHP Jorge Fuentes
Batting: RHB Jeff Packard Balk!
Jesús González scores
Tom Stevens to third
Mark Everett to second
0-0: Ball
1-0: DOUBLE (Line Drive, 8LXD)
Tom Stevens scores
Mark Everett scores
Batting: RHB Enrique Bermúdez 0-0: Called Strike
0-1: SINGLE (Groundball, 6MD)
Jeff Packard to third
Runner from 3rd tries for Home, SAFE, throw made home
Enrique Bermúdez to second
Batting: LHB Milton Watson 0-0: Called Strike
0-1: Foul Ball, location: 2F
0-2: Ball
1-2: Strikes out swinging
Batting: SHB Paco Martínez 0-0: Called Strike
0-1: Ball
1-1: Swinging Strike
1-2: Foul Ball, location: 2F
1-2: Ball
2-2: Strikes out swinging
Batting: RHB Richard Bankhead 0-0: Ball
1-0: Foul Ball, location: 2F
1-1: Ball
2-1: SINGLE (Flyball, 8RS)
Enrique Bermúdez to third
Runner from 3rd tries for Home, SAFE, no throw
Batting: RHB Evan Robinson 0-0: Foul Ball, location: 2F
0-1: Called Strike
0-2: Ball
Richard Bankhead steals 2nd base
1-2: Ball
2-2: Foul Ball, location: 2F
2-2: Ball
3-2: Base on Balls
Batting: LHB Jesús González 0-0: Swinging Strike
0-1: Ball
1-1: Ball
2-1: Ball
3-1: Base on Balls
Richard Bankhead to third
Evan Robinson to second
Pinch Hitting: LHB Tony Báez 0-0: Ball
1-0: Called Strike
1-1: GRAND SLAM HOME RUN (Flyball, 9D), Distance : 378 ft
Batting: LHB Mark Everett 0-0: Ball
1-0: TRIPLE (Flyball, 89XD)
Batting: RHB Jeff Packard 0-0: Called Strike
0-1: Foul Ball, location: 2F
0-2: Ball
1-2: Ball
2-2: SINGLE (Groundball, 6) (infield hit)
Mark Everett scores
Batting: RHB Enrique Bermúdez 0-0: SINGLE (Line Drive, 56D)
Jeff Packard to second
Batting: LHB Milton Watson 0-0: Ball
1-0: Called Strike
1-1: Ball
2-1: Ball
3-1: Called Strike
3-2: Foul Ball, location: 2F
3-2: DOUBLE (Flyball, 78XD)
Jeff Packard scores
Enrique Bermúdez to third
Enrique Bermúdez scores
Batting: SHB Paco Martínez 0-0: Called Strike
Balk!
Milton Watson to third
0-1: Foul Ball, location: 2F
0-2: Ball
1-2: Ball
2-2: Ground out 5-3 (Groundball, 56S)
Bottom of the 8th over - 16 run(s), 8 hit(s), 0 error(s), 1 left on base; San Jose 2 - Mile High 24
TOP OF THE 9TH
San Jose Missions batting - Pitching for Mile High Broncos : RHP David Bailey
Now at 2B: Keith Shaffer
Now at SS: Luis Alvarado
Batting: RHB Bobby Brewster 0-0: Called Strike
0-1: Fly out, F7 (Line Drive, 7)
Batting: RHB Ed Starr 0-0: Ball
1-0: Called Strike
1-1: Ball
2-1: Ball
3-1: Base on Balls
Batting: RHB Dale Taylor 0-0: Called Strike
0-1: Ball
1-1: Ball
2-1: Ball
3-1: Foul Ball, location: 2F
3-2: Foul Ball, location: 2F
3-2: Strikes out swinging
Batting: RHB Bob Orr 0-0: Ball
1-0: Swinging Strike
1-1: Ball
2-1: Foul Ball, location: 2F
2-2: Strikes out looking
Top of the 9th over - 0 run(s), 0 hit(s), 0 error(s), 1 left on base; San Jose 2 - Mile High 24
Thursday, March 30th, 2017 - OOTP Baseball 17.12 Build 75